[Event "Titled Tuesday Blitz August 16 Late 2022"]
[White "Tarnowska, Aleksandra"]
[Black "Oro, Luis"]
[WhiteFideId "1180967"]
[BlackFideId "104094"]
[WhiteElo "1700"]
[BlackElo "2255"]
[Result "0-1"]
[Round "06"]
[TimeControl "180+1"]
[Date "2022.08.18"]
[WhiteClock "0:00:00"]
[BlackClock "0:00:00"]

1. e4 c5 2. Nf3 d6 3. Bb5+ Nd7 4. O-O Nf6 5. Re1 g6 6. c3 Bg7 7. d4 cxd4 8. cxd4 a6 9. Bc4 b5 10. Bxf7+ Kxf7 11. Ng5+ Kg8 12. Qb3+ d5 13. e5 Nb6 14. exf6 Bxf6 15. Be3 Nc4 16. Nf3 Bf5 17. Nbd2 Kg7 18. Rad1 Rc8 19. Bf4 Nxd2 20. Rxd2 Be4 21. Be5 Qb6 22. Bxf6+ exf6 23. Qe3 Rhe8 24. Rde2 Qd6 25. h3 Rc7 26. Qd2 Rce7 27. Qc3 Bxf3 28. Qxf3 Rxe2 29. Rxe2 Rxe2 30. Qxe2 Qb4 31. Qe3 h5 32. Kh2 a5 33. Qe6 Qxd4 34. Qd7+ Kh6 35. Qxb5 Qe5+ 36. Kg1 Qe1+ 37. Kh2 Qxf2 38. Qxd5 Qb6 39. Qd2+ g5 40. Qc2 Qd6+ 0-1


[Site "https://www.chess.com"]

[Event "Titled Tuesday Blitz August 16 Late 2022"]
[White "Tatarinov, Dmitry"]
[Black "Nozdrachev, Leonid"]
[WhiteFideId "24160067"]
[BlackFideId "24113433"]
[WhiteElo "2324"]
[BlackElo "2100"]
[Result "1/2-1/2"]
[Round "06"]
[TimeControl "180+1"]
[Date "2022.08.16"]
[WhiteClock "0:00:16"]
[BlackClock "0:00:03"]

1. c4 e5 2. Nc3 Bb4 3. Nd5 Be7 4. Nf3 d6 5. e3 Nf6 6. Nxf6+ Bxf6 7. Qc2 O-O 8. Bd3 h6 9. h4 Nc6 10. a3 Re8 11. Be4 Be6 12. Ng5 hxg5 13. hxg5 Bxg5 14. b4 Bh6 15. Bb2 d5 16. cxd5 Bxd5 17. Bh7+ Kh8 18. b5 Nd4 19. exd4 exd4+ 20. Kf1 Qg5 21. Rh2 Qf4 22. Kg1 Re2 23. Rf1 Rae8 24. Bd3 Re1 25. a4 Rxf1+ 26. Bxf1 Re1 27. Rh3 Be4 28. Qc5 Qxd2 29. Qxd4 Qxd4 30. Bxd4 Kg8 31. Rc3 c6 32. f3 Bd5 33. Kf2 Rc1 34. Rxc1 Bxc1 35. Bxa7 cxb5 36. Bxb5 Ba3 37. Be3 f6 38. a5 Bb4 39. Bb6 Kf7 40. Ke3 Ke6 41. g4 g5 42. Bd3 Bd6 43. Be4 Be5 44. Kd3 Kd6 45. Bd8 Ke6 46. Bb6 Kd6 47. Be3 Ke6 48. Bc5 Bf4 49. Bd4 Be5 50. Kc3 Kd6 51. Bxe5+ Kxe5 52. Kb4 Bxe4 53. fxe4 Kxe4 54. Kb5 f5 55. gxf5 Kxf5 56. Kb6 g4 57. Kxb7 g3 58. a6 g2 59. a7 g1=Q 60. a8=Q Qg2+ 61. Kb8 Qxa8+ 62. Kxa8 1/2-1/2


[Site "https://www.chess.com"]

[Event "Titled Tuesday Blitz August 16 Late 2022"]
[White "Urazayev, Arystanbek"]
[Black "Kruckenhauser, Arthur"]
[WhiteFideId "13709810"]
[BlackFideId "1642812"]
[WhiteElo "2441"]
[BlackElo "2218"]
[Result "1-0"]
[Round "06"]
[TimeControl "180+1"]
[Date "2022.08.16"]
[WhiteClock "0:00:12"]
[BlackClock "0:00:21"]

1. e4 e5 2. Nf3 Nc6 3. Bc4 Bc5 4. O-O Nf6 5. d3 O-O 6. h3 h6 7. Nbd2 Re8 8. Re1 Bf8 9. a4 d6 10. c3 Be6 11. b4 Bxc4 12. Nxc4 a5 13. b5 Ne7 14. Ne3 g6 15. c4 Bg7 16. Bb2 Nc8 17. Nd5 Nxd5 18. cxd5 Rf8 19. d4 exd4 20. Bxd4 Re8 21. Rc1 Nb6 22. Bxg7 Kxg7 23. Qd4+ Kg8 24. e5 dxe5 25. Nxe5 Qxd5 26. Qa1 h5 27. Rxc7 Rac8 28. Rxc8 Nxc8 29. Kh2 Nb6 30. Re3 Qd6 31. f4 Nd5 32. Qd4 Qe6 33. Re1 Nb4 34. Nf3 Qc8 35. Rxe8+ Qxe8 36. Qb6 Qb8 37. Ne5 Nd5 38. Qd4 Qd6 39. h4 Qe6 40. Qc4 Nb6 41. Qd4 Qd5 42. Qxb6 Qe4 43. Qd8+ Kg7 44. Qg5 f6 45. Qxg6+ Qxg6 46. Nxg6 Kxg6 47. Kg3 Kf5 48. Kf3 Ke6 49. g4 f5 50. gxh5 Kf6 51. Ke3 Kg7 52. Kd4 Kh6 53. Ke5 Kxh5 54. Kxf5 Kxh4 55. Kg6 1-0


[Site "https://www.chess.com"]

[Event "Titled Tuesday Blitz August 16 Late 2022"]
[White "Urh, Zala"]
[Black "Kalavannan, Koby"]
[WhiteFideId "14611481"]
[BlackFideId "425753"]
[WhiteElo "2097"]
[BlackElo "1927"]
[Result "0-1"]
[Round "06"]
[TimeControl "180+1"]
[Date "2022.08.18"]
[WhiteClock "0:00:00"]
[BlackClock "0:00:00"]

1. e4 c5 2. Nf3 Nc6 3. d4 cxd4 4. Nxd4 g6 5. Nc3 Bg7 6. Be3 Nf6 7. Bc4 O-O 8. Bb3 Re8 9. O-O d6 10. h3 Na5 11. Re1 b6 12. Bd5 Nxd5 13. exd5 Bb7 14. Bg5 Rc8 15. Qd2 Nc4 16. Qf4 Nxb2 17. Ncb5 Bxd5 18. Nxa7 Rc4 19. Nab5 Qd7 20. Qe3 e5 21. Rab1 Na4 22. Ne2 Re4 23. Qa3 Nc5 24. Nbc3 Ra4 25. Nxa4 Nxa4 26. Be3 Qc6 27. Rb4 Nc5 28. Reb1 Bxg2 29. Rxb6 Qf3 30. Rb8 Rf8 31. Bxc5 dxc5 32. Qxc5 Bxh3 33. Rxf8+ Bxf8 34. Qc6 Qxc6 35. Kh2 Qg2# 0-1


[Site "https://www.chess.com"]

[Event "Titled Tuesday Blitz August 16 Late 2022"]
[White "Vagman, Roy"]
[Black "Barash, Anton"]
[WhiteFideId "2828995"]
[BlackFideId "30935229"]
[WhiteElo "1956"]
[BlackElo "2088"]
[Result "1/2-1/2"]
[Round "06"]
[TimeControl "180+1"]
[Date "2022.08.18"]
[WhiteClock "0:00:00"]
[BlackClock "0:00:00"]

1. d4 d5 2. c4 e6 3. Nc3 Be7 4. Nf3 Nf6 5. e3 O-O 6. Qa4 b6 7. cxd5 exd5 8. Bd3 Bb7 9. O-O c5 10. Ne5 Nbd7 11. f4 Qc7 12. Qc2 Ne4 13. Nxd5 Bxd5 14. Bxe4 Nf6 15. Bxd5 Nxd5 16. dxc5 Bxc5 17. Qb3 Nxf4 18. Rxf4 Qxe5 19. Rf3 Rad8 20. Qc2 Qd5 21. h4 Qd1+ 22. Qxd1 Rxd1+ 23. Rf1 Rfd8 24. b3 R8d3 25. Rxd1 Rxd1+ 26. Kf2 Ba3 27. Bb2 Rxa1 28. Bxa1 f6 29. Kf3 Kf7 30. Ke4 Ke6 31. g4 Bc5 32. h5 g6 33. hxg6 hxg6 34. Bc3 f5+ 35. gxf5+ gxf5+ 36. Kf4 Bd6+ 37. Kg5 Be5 38. Be1 Bf6+ 39. Kf4 Be5+ 40. Kf3 Bb2 41. e4 b5 42. Ke3 fxe4 43. Kxe4 a6 44. Bf2 Bg7 45. Bg3 Bh8 46. Bf2 Ba1 47. Bd4 Bxd4 48. Kxd4 Kd6 49. b4 Kc6 50. Ke5 Kb6 51. Kd6 a5 52. a3 axb4 53. axb4 Ka6 54. Kc5 Ka7 55. Kc6 Ka6 56. Kd5 Ka7 57. Kd6 Kb8 58. Kc6 Ka8 59. Kd5 Kb8 60. Kd4 Ka8 61. Kc5 Kb8 62. Kxb5 Kb7 63. Kc4 Kc6 64. Kb3 Kb5 65. Ka3 Kb6 66. Kb3 Kb5 67. Kc3 Kb6 68. Kc4 Kc6 69. b5+ Kb6 70. Kb4 Kb7 71. Ka5 Ka7 72. Ka4 Kb6 73. Kb4 Kb7 74. Kc5 Kc7 75. Kb4 Kb6 76. Kc4 Kb7 77. Kc5 Kc7 78. b6+ Kb7 79. Kb5 Kb8 80. Kc6 Kc8 81. Kd6 Kb7 82. Kc5 Kb8 83. Kc6 Kc8 84. Kb5 Kb7 85. Ka5 Kb8 86. Kb5 Kb7 87. Kb4 Kxb6 1/2-1/2


[Site "https://www.chess.com"]

[Event "Titled Tuesday Blitz August 16 Late 2022"]
[White "Van Dael, Siem"]
[Black "Bringas Gomez, Artai"]
[WhiteFideId "1049771"]
[BlackFideId "24534064"]
[WhiteElo "2110"]
[BlackElo "2039"]
[Result "1-0"]
[Round "06"]
[TimeControl "180+1"]
[Date "2022.08.18"]
[WhiteClock "0:00:00"]
[BlackClock "0:00:00"]

1. e4 e5 2. Nf3 d6 3. Bc4 Be6 4. Bxe6 fxe6 5. d4 exd4 6. Qxd4 Nc6 7. Qd3 Qd7 8. Be3 O-O-O 9. Nbd2 Nf6 10. a3 Ng4 11. h3 Nxe3 12. Qxe3 Be7 13. b4 Bf6 14. Rb1 Kb8 15. b5 Ne7 16. a4 Rdf8 17. a5 Nc8 18. O-O g5 19. e5 dxe5 20. Ne4 Nd6 21. Nc5 Qc8 22. b6 cxb6 23. axb6 a6 24. Nxe5 Ka8 25. Ned7 Nf5 26. Qe4 Nd6 27. Qxe6 Qxd7 28. Qxd7 Nc4 29. Qxb7# 1-0


[Site "https://www.chess.com"]

[Event "Titled Tuesday Blitz August 16 Late 2022"]
[White "Vlassov, Nikolai"]
[Black "Akbas, Umut Ata"]
[WhiteFideId "4103360"]
[BlackFideId "44572646"]
[WhiteElo "2324"]
[BlackElo "1654"]
[Result "0-1"]
[Round "06"]
[TimeControl "180+1"]
[Date "2022.08.16"]
[WhiteClock "0:00:53"]
[BlackClock "0:00:46"]

1. e4 e5 2. Bc4 Nf6 3. d3 c6 4. Nf3 d5 5. Bb3 a5 6. Nc3 Bb4 7. a3 Bxc3+ 8. bxc3 O-O 9. O-O Bg4 10. exd5 Nxd5 11. Bd2 Qf6 12. Rb1 b6 13. h3 Bh5 14. Re1 Nd7 15. d4 Bxf3 16. Qxf3 Qxf3 17. gxf3 Rfe8 18. Kg2 Kf8 19. dxe5 Nxe5 20. Bxd5 cxd5 21. Be3 Nc4 22. Red1 Rxe3 23. fxe3 Nxe3+ 24. Kf2 Nxd1+ 25. Rxd1 Rc8 26. Rxd5 Rxc3 27. Rb5 Rxc2+ 28. Kg3 Rc3 29. Rxb6 Rxa3 30. Rb7 g6 31. Ra7 Kg7 32. h4 a4 33. Kg2 Ra1 34. Kh2 a3 35. Kg2 a2 36. Ra6 Kh6 37. Ra5 f6 38. f4 f5 39. Ra7 Kh5 40. Rxh7+ Kg4 41. Ra7 Kxh4 42. Ra6 Kg4 43. Rxg6+ Kxf4 44. Ra6 Kg4 45. Ra3 f4 46. Ra4 Kf5 47. Ra5+ Ke6 48. Ra6+ Kd7 49. Ra7+ Kc8 50. Ra3 f3+ 51. Kf2 Rh1 0-1


[Site "https://www.chess.com"]

[Event "Titled Tuesday Blitz August 16 Late 2022"]
[White "Wieczorek, Oskar"]
[Black "Martinez Alcantara, Jose Eduardo"]
[WhiteFideId "1133950"]
[BlackFideId "3805662"]
[WhiteElo "2302"]
[BlackElo "2703"]
[Result "1-0"]
[Round "06"]
[TimeControl "180+1"]
[Date "2022.08.16"]
[WhiteClock "0:00:23"]
[BlackClock "0:00:05"]

1. e4 e5 2. Nf3 Nf6 3. Nc3 Nc6 4. h3 Bb4 5. Nd5 Bc5 6. c3 Be7 7. Bc4 Nxe4 8. O-O Nd6 9. Bb3 e4 10. Nxe7 Qxe7 11. Re1 O-O 12. d3 Na5 13. Bc2 Nc6 14. dxe4 f6 15. Bf4 Nf7 16. Bb3 d6 17. Nd4 Kh8 18. Nf5 Qe8 19. Qd2 Nfe5 20. Bg3 Be6 21. Bc2 Nc4 22. Qc1 Qf7 23. b3 Nb6 24. Nd4 Bd7 25. Qd2 Rae8 26. Rad1 a6 27. f4 Nxd4 28. cxd4 f5 29. e5 Nd5 30. Bd3 Bb5 31. Bc4 Bxc4 32. bxc4 Nb6 33. d5 Nxc4 34. Qd4 b5 35. e6 Qf6 36. Qf2 h6 37. Qf3 Kh7 38. Bf2 Rg8 39. Bd4 Qg6 40. Qf2 Rc8 41. Rd3 c6 42. Rg3 Qe8 43. e7 cxd5 44. Qc2 Qf7 45. e8=Q Rcxe8 46. Rxe8 1-0


[Site "https://www.chess.com"]

[Event "Titled Tuesday Blitz August 16 Late 2022"]
[White "Wiewiora, Eneasz"]
[Black "Tristan, Leonardo"]
[WhiteFideId "1140396"]
[BlackFideId "113816"]
[WhiteElo "2291"]
[BlackElo "2404"]
[Result "0-1"]
[Round "06"]
[TimeControl "180+1"]
[Date "2022.08.16"]
[WhiteClock "0:00:58"]
[BlackClock "0:00:49"]

1. e4 d5 2. exd5 Qxd5 3. Nc3 Qa5 4. d4 Nf6 5. Bc4 Bg4 6. Nf3 Nc6 7. h3 Bxf3 8. Qxf3 O-O-O 9. d5 Nd4 10. Qd3 e5 11. O-O Bb4 12. Bg5 Kb8 13. Bxf6 gxf6 14. Ne4 f5 15. Ng5 Rhg8 16. Nxf7 Rxd5 17. c3 e4 18. cxb4 Qb6 19. Qe3 Qg6 20. Ng5 f4 21. Qxe4 Rxg5 22. Qxg6 R8xg6 23. Bd5 Rxd5 0-1


[Site "https://www.chess.com"]

[Event "Titled Tuesday Blitz August 16 Late 2022"]
[White "Wu, Rochelle"]
[Black "Omariev, Maksim"]
[WhiteFideId "30908132"]
[BlackFideId "4193423"]
[WhiteElo "2168"]
[BlackElo "2304"]
[Result "1-0"]
[Round "06"]
[TimeControl "180+1"]
[Date "2022.08.18"]
[WhiteClock "0:00:00"]
[BlackClock "0:00:00"]

1. g3 d5 2. Bg2 c6 3. Nf3 Nf6 4. O-O Bf5 5. d3 e6 6. Nbd2 h6 7. c4 Be7 8. b3 O-O 9. Bb2 Bh7 10. e4 dxe4 11. dxe4 Nxe4 12. Nxe4 Bxe4 13. Re1 Qxd1 14. Raxd1 Bh7 15. Ne5 Rd8 16. Rxd8+ Bxd8 17. Rd1 Bf6 18. f4 Kf8 19. Bf3 Ke8 20. Bh5 g6 21. Bf3 Bxe5 22. Bxe5 Nd7 23. Bg7 h5 24. Kf2 Ke7 25. Bb2 Rb8 26. Ke3 f6 27. Ba3+ c5 28. b4 b6 29. Bc6 Rd8 30. Bxd7 Rxd7 31. Rxd7+ Kxd7 32. bxc5 g5 33. cxb6 axb6 34. Bb2 gxf4+ 35. gxf4 Bb1 36. a3 Ba2 37. Kd3 Ke7 38. Bd4 e5 39. fxe5 fxe5 40. Bxb6 Bb1+ 41. Kc3 Kd6 42. Be3 Kc6 43. Kb4 Be4 44. a4 h4 45. a5 h3 46. Bg5 Kb7 47. Bf6 Bc6 48. Bxe5 Be4 49. Kc5 Bg2 50. Kd6 Bh1 51. Bc3 Bg2 52. Kc5 Bf3 53. Kb5 Bc6+ 54. Kb4 Bg2 55. Kc5 Bf3 56. Kd6 Be2 57. c5 Bb5 58. c6+ Kc8 59. Kc5 Ba6 60. Kb6 Bf1 61. Be5 Be2 62. a6 1-0


[Site "https://www.chess.com"]

[Event "Titled Tuesday Blitz August 16 Late 2022"]
[White "Yurovskykh, Oleksandr"]
[Black "Riehle, Marco"]
[WhiteFideId "14134020"]
[BlackFideId "12904392"]
[WhiteElo "2292"]
[BlackElo "2462"]
[Result "0-1"]
[Round "06"]
[TimeControl "180+1"]
[Date "2022.08.16"]
[WhiteClock "0:00:20"]
[BlackClock "0:00:35"]

1. d4 d5 2. Bf4 e6 3. e3 Bd6 4. Bg3 c5 5. c3 Nc6 6. Nd2 Nf6 7. Ngf3 O-O 8. Bb5 a6 9. Bxc6 bxc6 10. Ne5 cxd4 11. Nxc6 Qc7 12. Bxd6 Qxd6 13. Nxd4 e5 14. N4f3 Rb8 15. Nc4 Qc5 16. Ncxe5 Rxb2 17. O-O Qxc3 18. Qd4 Qxd4 19. Nxd4 Be6 20. Rfc1 Ne4 21. f3 Nd2 22. Rc2 Rfb8 23. Rac1 h6 24. Rxb2 Rxb2 25. Rc2 Rb1+ 26. Kf2 Nc4 27. Nxc4 dxc4 28. Ne2 f6 29. Nc3 Ra1 30. e4 h5 31. Ke3 h4 32. h3 Kf7 33. Kd2 Rh1 34. Nd1 g5 35. Ne3 Ke7 36. Ke2 Rg1 37. Rb2 Ra1 38. Nc2 Rc1 39. Nd4 c3 40. Rb7+ Bd7 41. Nf5+ Kd8 42. Nd4 c2 43. Nb3 Rb1 44. Kd2 c1=Q+ 45. Nxc1 Rxb7 0-1


[Site "https://www.chess.com"]

[Event "Titled Tuesday Blitz August 16 Late 2022"]
[White "Zamorano, Jorge"]
[Black "Voege, Tobias"]
[WhiteFideId "173770"]
[BlackFideId "1270513"]
[WhiteElo "2331"]
[BlackElo "2360"]
[Result "1-0"]
[Round "06"]
[TimeControl "180+1"]
[Date "2022.08.16"]
[WhiteClock "0:00:06"]
[BlackClock "0:00:02"]

1. e4 c5 2. Nf3 Nc6 3. Bb5 Na5 4. O-O a6 5. Be2 b5 6. a4 b4 7. d4 e6 8. d5 Nf6 9. Bg5 h6 10. Bxf6 gxf6 11. Nbd2 Qc7 12. c3 bxc3 13. bxc3 Bd6 14. Nc4 Nxc4 15. Bxc4 Rg8 16. a5 Be5 17. Qd3 d6 18. Rfb1 Ke7 19. Rb6 Rb8 20. Rab1 Rxb6 21. Rxb6 Bd7 22. Nxe5 fxe5 23. Qb1 Rg6 24. Rxa6 Rg8 25. Qb6 Qxb6 26. Rxb6 Ra8 27. a6 Bc8 28. f3 Ra7 29. Kf2 Kd7 30. Kg3 exd5 31. Bxd5 Rxa6 32. Rxa6 Bxa6 33. Bxf7 Ke7 34. Bd5 Kf6 35. Kh4 Bf1 36. Kg3 Bd3 37. Kf2 Kg5 38. g3 Kf6 39. Ke3 Bb5 40. f4 Bf1 41. h4 Bh3 42. Bc4 Bg4 43. Be2 Bd7 44. Kd2 Be6 45. Bf3 Bf7 46. Kd3 Be6 47. Ke3 Bc4 48. g4 exf4+ 49. Kxf4 Bf7 50. g5+ hxg5+ 51. hxg5+ Kg7 52. Bg4 Bg8 53. Bf5 Bf7 54. e5 dxe5+ 55. Kxe5 Bb3 56. Kd6 c4 57. Kc5 Ba2 58. Be4 Kf7 59. Bd5+ Kg6 60. Bxc4 Bb1 61. Kd6 Kxg5 62. Bd5 Kf4 63. c4 Ke3 64. c5 Bd3 65. c6 Ba6 66. c7 Kd4 67. Kc6 Bc8 68. Kd6 Ba6 69. Be6 Ke4 70. Kc6 Kd4 71. Kb6 1-0


[Site "https://www.chess.com"]

[Event "Titled Tuesday Blitz August 16 Late 2022"]
[White "Zanette, Edgard Vinicius"]
[Black "Kostiukov, Alexandr"]
[WhiteFideId "2109263"]
[BlackFideId "14108100"]
[WhiteElo "2182"]
[BlackElo "2202"]
[Result "0-1"]
[Round "06"]
[TimeControl "180+1"]
[Date "2022.08.18"]
[WhiteClock "0:00:00"]
[BlackClock "0:00:00"]

1. e4 c5 2. Nc3 g6 3. f4 Bg7 4. Nf3 Nc6 5. Bb5 Nd4 6. O-O e6 7. Nxd4 cxd4 8. Ne2 Ne7 9. Bd3 O-O 10. b3 d6 11. Bb2 e5 12. h3 f5 13. Qe1 fxe4 14. Bxe4 d5 15. Bf3 e4 16. Bg4 d3 17. Nd4 dxc2 18. Rc1 Nf5 19. Bxf5 gxf5 20. Rxc2 Bd7 21. Kh1 Rc8 22. Rxc8 Bxc8 23. Qe3 Qb6 24. Rc1 Bd7 25. Bc3 Kh8 26. Rg1 Qh6 27. g3 Qxh3# 0-1


[Site "https://www.chess.com"]

[Event "Titled Tuesday Blitz August 16 Late 2022"]
[White "Zeynalov, Farid"]
[Black "Petrovic, Aleksa"]
[WhiteFideId "13402250"]
[BlackFideId "967629"]
[WhiteElo "2278"]
[BlackElo "2262"]
[Result "0-1"]
[Round "06"]
[TimeControl "180+1"]
[Date "2022.08.18"]
[WhiteClock "0:00:00"]
[BlackClock "0:00:00"]

1. d4 Nf6 2. c4 e6 3. Nf3 b6 4. g3 Ba6 5. b3 d5 6. Bg2 Bb4+ 7. Bd2 Be7 8. Bc3 O-O 9. Nbd2 Nbd7 10. O-O Rc8 11. Re1 c5 12. e4 cxd4 13. Nxd4 dxc4 14. Kf1 cxb3+ 15. Kg1 Rxc3 16. axb3 Qc8 17. e5 Nd5 18. Qg4 Nc5 19. Bxd5 h5 20. Qxh5 exd5 21. Nf5 Re8 22. Nf3 Bd3 23. N3d4 Bxf5 24. Nxf5 g6 25. Nxe7+ Rxe7 26. Qg5 Rd7 27. h4 Qd8 28. Qh6 Qf8 29. Qd2 Rxb3 30. h5 gxh5 31. Qg5+ Qg7 32. Qxh5 d4 33. Rac1 Rc3 34. Rcd1 d3 35. Re3 Rc4 36. Rf3 d2 37. Kg2 Rc1 38. Rf5 Rxd1 39. Qxd1 Qg6 40. Rf6 Qxf6 41. exf6 Kf8 42. Qg4 Rd8 43. Qg7+ Ke8 44. Qg8+ Kd7 45. Qxf7+ Kc8 46. Qxa7 d1=Q 47. f7 Qd5+ 48. Kg1 Qb7 49. Qa2 Rd1+ 50. Kh2 Rh1# 0-1


[Site "https://www.chess.com"]

[Event "Titled Tuesday Blitz August 16 Late 2022"]
[White "Zivkovic, Nemanja"]
[Black "Pichot, Alan"]
[WhiteFideId "942154"]
[BlackFideId "110973"]
[WhiteElo "2372"]
[BlackElo "2578"]
[Result "1/2-1/2"]
[Round "06"]
[TimeControl "180+1"]
[Date "2022.08.16"]
[WhiteClock "0:00:08"]
[BlackClock "0:00:11"]

1. c4 c5 2. Nc3 Nc6 3. g3 g6 4. Bg2 Bg7 5. d3 Nh6 6. Nf3 Nf5 7. O-O O-O 8. Bd2 e6 9. Rb1 d5 10. cxd5 exd5 11. a3 b6 12. b4 cxb4 13. axb4 Bb7 14. b5 Ncd4 15. Nxd4 Nxd4 16. e3 Ne6 17. d4 Qd7 18. Ne2 h5 19. h3 Rfd8 20. Qb3 Bf8 21. Rfc1 Kh7 22. Rc2 a5 23. bxa6 Bxa6 24. Nc3 Nc7 25. Qxb6 Bd3 26. Rcb2 Bxb1 27. Rxb1 Rab8 28. Qxb8 Rxb8 29. Rxb8 Bd6 30. Be1 Qc6 31. Bf3 Qd7 32. Kg2 Ne6 33. Rb5 Ng5 34. Bxd5 Qxh3+ 35. Kg1 h4 36. Bg2 Qg4 37. Rxg5 Qxg5 38. Ne4 Qe7 39. Nxd6 Qxd6 40. gxh4 Qe7 41. h5 gxh5 42. e4 Qg5 43. d5 h4 44. Kh2 Qc1 45. Bb4 Qb2 46. Bc5 Qe5+ 47. Kh3 Kg6 48. Be3 Qa1 49. Kxh4 Qd1 50. Kg3 f5 51. exf5+ Kxf5 52. Bh3+ Ke5 53. Bg2 Qh5 54. Bf3 Qg6+ 55. Kh2 Qh7+ 56. Kg3 Qd3 57. Kg2 Qg6+ 58. Kh3 Qg8 59. Kh2 Qg6 60. Kh3 Kf5 61. Kh2 Ke5 62. Kh3 1/2-1/2


[Site "https://www.chess.com"]

[Event "Titled Tuesday Blitz August 16 Late 2022"]
[White "Zou, Chen"]
[Black "Chernomordik, Pavel"]
[WhiteFideId "8610959"]
[BlackFideId "2804530"]
[WhiteElo "2276"]
[BlackElo "2217"]
[Result "1-0"]
[Round "06"]
[TimeControl "180+1"]
[Date "2022.08.16"]
[WhiteClock "0:00:14"]
[BlackClock "0:00:01"]

1. d4 g6 2. Nf3 Bg7 3. c4 d6 4. Nc3 Nc6 5. g3 e5 6. d5 e4 7. dxc6 exf3 8. cxb7 Bxb7 9. exf3 Qe7+ 10. Be3 Nh6 11. Bh3 O-O 12. O-O f5 13. Nd5 Qf7 14. Bg2 Kh8 15. Qd2 Ng8 16. Rac1 Nf6 17. f4 Ne4 18. Bxe4 fxe4 19. Bd4 c5 20. Bxg7+ Kxg7 21. Ne3 Rad8 22. Rfd1 h6 23. b4 g5 24. f5 Qf6 25. a3 h5 26. bxc5 dxc5 27. Qa5 Bc8 28. Qxa7+ Kh6 29. Qxc5 Rd3 30. Rxd3 exd3 31. Rd1 Rd8 32. Nd5 Qd6 33. Qxd6+ Rxd6 34. Rxd3 Bxf5 35. Rd1 Be4 36. Nc3 Rxd1+ 37. Nxd1 Kg6 38. Ne3 Kf6 39. Kf1 Ke5 40. Ke1 Kd4 41. Kd2 h4 42. a4 1-0


[Site "https://www.chess.com"]

[Event "Titled Tuesday Blitz August 16 Late 2022"]
[White "Acosta Cruz, Oscar Yosimar"]
[Black "Fernandez Hernandez, Gerardo"]
[WhiteFideId "5111269"]
[BlackFideId "2207400"]
[WhiteElo "2147"]
[BlackElo "2169"]
[Result "1-0"]
[Round "07"]
[TimeControl "180+1"]
[Date "2022.08.18"]
[WhiteClock "0:00:00"]
[BlackClock "0:00:00"]

1. e4 e6 2. d4 d5 3. Bd3 c5 4. c3 Nc6 5. Ne2 Nf6 6. e5 Nd7 7. f4 f6 8. O-O Qb6 9. exf6 Nxf6 10. Bc2 cxd4 11. cxd4 Nb4 12. Nbc3 Nxc2 13. Qxc2 Bd7 14. Kh1 Bd6 15. Qd3 O-O-O 16. Be3 Be8 17. a3 Bg6 18. Qd2 Kb8 19. b4 Rc8 20. Ng3 h5 21. Na4 Qd8 22. Nc5 Qe7 23. f5 h4 24. fxg6 hxg3 25. h3 Ng4 26. Bf4 Ka8 27. Bxd6 Qxd6 28. Kg1 Nf2 29. Rxf2 gxf2+ 30. Qxf2 b6 31. Nd3 Rc3 32. Ne5 Rhc8 33. Qf7 Rc1+ 34. Rxc1 Rxc1+ 35. Kh2 Qc7 36. Qxe6 Rd1 37. Qxd5+ Kb8 38. a4 1-0


[Site "https://www.chess.com"]

[Event "Titled Tuesday Blitz August 16 Late 2022"]
[White "Adewumi, Tanitoluwa"]
[Black "Melikhov, Evgeny V."]
[WhiteFideId "30966396"]
[BlackFideId "4122046"]
[WhiteElo "2302"]
[BlackElo "1963"]
[Result "1-0"]
[Round "07"]
[TimeControl "180+1"]
[Date "2022.08.18"]
[WhiteClock "0:00:00"]
[BlackClock "0:00:00"]

1. e4 e5 2. Nf3 Nc6 3. Bc4 Nf6 4. d3 Be7 5. O-O d6 6. c3 O-O 7. Re1 Na5 8. Bb5 a6 9. Ba4 b5 10. Bc2 c5 11. Nbd2 Bb7 12. h3 Re8 13. Nf1 Bf8 14. Bg5 h6 15. Bxf6 Qxf6 16. Ne3 c4 17. a4 Bc6 18. axb5 axb5 19. d4 exd4 20. Nxd4 Bxe4 21. Ng4 Qg6 22. Rxe4 Rxe4 23. Nc6 Re1+ 24. Qxe1 Qxc2 25. Nxa5 Qxb2 26. Ne3 d5 27. Rb1 Qa2 28. Nc6 Bc5 29. Rxb5 Qa3 30. Nxd5 Rd8 31. Qe4 Qc1+ 32. Kh2 Bd6+ 33. g3 Qd2 34. Qg2 Re8 35. Ne3 Bc7 36. Rd5 Qb2 37. Nxc4 Qxc3 38. Ne3 Bb6 39. Ne5 Rxe5 40. Rxe5 Qxe5 41. Nc4 Qc5 42. Qa8+ Kh7 43. Nxb6 Qxb6 44. Qe4+ g6 45. Qf3 Kg7 46. Kg2 h5 47. Qe4 Qf6 48. f4 Qe6 49. Qxe6 fxe6 50. Kf3 Kf6 51. Ke4 Kf7 52. Ke5 Ke7 53. Kd4 Kd6 54. Ke4 Ke7 55. Ke5 Kf7 56. g4 hxg4 57. hxg4 Ke7 58. g5 Kd7 59. Kf6 Kd6 60. Kxg6 e5 61. fxe5+ Kxe5 62. Kf7 1-0


[Site "https://www.chess.com"]

[Event "Titled Tuesday Blitz August 16 Late 2022"]
[White "Al-Tarboush, Ward"]
[Black "Pinheiro, Iung Alicio de O."]
[WhiteFideId "7601450"]
[BlackFideId "2104350"]
[WhiteElo "2234"]
[BlackElo "2283"]
[Result "1-0"]
[Round "07"]
[TimeControl "180+1"]
[Date "2022.08.16"]
[WhiteClock "0:00:33"]
[BlackClock "0:00:00"]

1. e4 c5 2. Nf3 Nc6 3. d4 cxd4 4. Nxd4 e5 5. Nb5 d6 6. c4 Be7 7. N1c3 a6 8. Na3 f5 9. Bd3 f4 10. Nc2 Nf6 11. Bd2 O-O 12. Qe2 Bg4 13. f3 Be6 14. O-O-O b5 15. Nd5 Qb8 16. g4 Bd8 17. h4 Nd7 18. cxb5 axb5 19. Bxb5 Rxa2 20. Qc4 Rxb2 21. Kxb2 Na7 22. Na3 Bb6 23. Ka2 Nxb5 24. Qxb5 Qa7 25. Bb4 Ra8 26. Rd3 Bc5 27. Rb1 Kf7 28. g5 g6 29. Bxc5 Nxc5 30. Rc3 Bxd5+ 31. exd5 Kg8 32. Qb6 Qd7 33. Qc6 1-0


[Site "https://www.chess.com"]

[Event "Titled Tuesday Blitz August 16 Late 2022"]
[White "Altman, Joshua"]
[Black "Csonka, Balazs"]
[WhiteFideId "426210"]
[BlackFideId "742910"]
[WhiteElo "1945"]
[BlackElo "2404"]
[Result "0-1"]
[Round "07"]
[TimeControl "180+1"]
[Date "2022.08.18"]
[WhiteClock "0:00:00"]
[BlackClock "0:00:00"]

1. d4 d5 2. c4 c6 3. cxd5 cxd5 4. Nf3 Nc6 5. Nc3 Nf6 6. Bf4 Nh5 7. Bg5 h6 8. Bd2 Nf6 9. e3 a6 10. Bd3 Bg4 11. O-O e6 12. h3 Bxf3 13. Qxf3 Bb4 14. Rac1 O-O 15. a3 Bxc3 16. bxc3 b5 17. e4 dxe4 18. Bxe4 Nxe4 19. Qxe4 Qd5 20. Qg4 Kh7 21. Rce1 Rad8 22. Re3 f5 23. Qf4 e5 24. Qh4 f4 25. Rf3 g5 26. Qh5 e4 27. c4 bxc4 28. Rc3 Nxd4 29. Kh1 e3 30. fxe3 f3 31. Kh2 Ne2 32. Rxf3 Rxf3 33. gxf3 Nxc3 34. Bxc3 Qe6 35. e4 Rd3 36. Ba1 c3 37. Qg4 Qxg4 38. hxg4 c2 39. Bb2 Rb3 40. Bc1 Rb1 41. Bd2 Rd1 42. Bc1 Rxc1 43. e5 Re1 44. e6 Re2+ 45. Kh3 Rxe6 46. Kg3 Rc6 47. Kh3 c1=Q 48. Kg3 Qf4+ 49. Kh3 Rc2 50. a4 Rh2# 0-1


[Site "https://www.chess.com"]

[Event "Titled Tuesday Blitz August 16 Late 2022"]
[White "Amburgy, Ryan"]
[Black "Abdyzhapar, Asylbek"]
[WhiteFideId "30924820"]
[BlackFideId "13800337"]
[WhiteElo "2066"]
[BlackElo "2323"]
[Result "1-0"]
[Round "07"]
[TimeControl "180+1"]
[Date "2022.08.16"]
[WhiteClock "0:00:22"]
[BlackClock "0:00:09"]

1. d4 g6 2. c4 Bg7 3. Nc3 d6 4. Nf3 Nf6 5. e4 O-O 6. Be2 e5 7. Be3 Ng4 8. Bg5 f6 9. Bh4 g5 10. Bg3 Nh6 11. dxe5 fxe5 12. h4 g4 13. Ng5 Nc6 14. c5 Nd4 15. cxd6 cxd6 16. Bc4+ Kh8 17. O-O a6 18. Ne2 Nxe2+ 19. Qxe2 Bf6 20. Rad1 Qe7 21. Qd2 Rd8 22. Qe3 Kg7 23. Rd3 b5 24. Bd5 Ra7 25. Rc1 Rc7 26. Rdc3 Rxc3 27. Rxc3 Ng8 28. Qb6 h6 29. Nf7 Rf8 30. Rc7 Bd7 31. Nxd6 Kh8 32. Nf5 Qd8 33. Qd6 Bxf5 34. Qxd8 Rxd8 35. Bxg8 Bxe4 36. Be6 h5 37. Rc5 Rd1+ 38. Kh2 Rd2 39. Bf7 Rxb2 40. Rxe5 Kg7 41. Be6 Bg6 42. Rc5 Rc2 43. Rd5 Re2 44. Rd7+ Kf8 45. Bb3 Be7 46. Ra7 Bf7 47. Bxf7 Kxf7 48. Bd6 Kf6 49. Bxe7+ Rxe7 50. Rxa6+ Kf5 51. Ra5 Re5 52. Kg3 Rd5 53. f3 Re5 54. fxg4+ hxg4 55. Ra3 b4 56. Rb3 Re4 57. a3 bxa3 58. Rxa3 Rb4 59. Ra5+ Kf6 60. Rg5 Rb3+ 61. Kxg4 Rb4+ 62. Kh5 Rb3 63. g3 Rb4 64. Ra5 Rc4 65. g4 Kg7 66. g5 Rc6 67. Ra7+ Kg8 68. g6 Rc4 69. Kg5 Rc8 70. Kh6 Kh8 71. h5 Rb8 72. Rd7 Rc8 73. Kg5 Rb8 74. h6 Rc8 75. Kf6 Rb8 76. Ke7 Rg8 77. Rd8 Rxd8 78. Kxd8 Kg8 79. Kd7 Kf8 80. Ke6 Kg8 81. g7 Kh7 82. Kf7 Kxh6 83. g8=Q 1-0


[Site "https://www.chess.com"]